 Dungeon Crawl Stone Soup version 0.18.1-5-g4a78601 (webtiles) character file.

6626 Geppetto the Protected (level 10, -2/93 HPs)
             Began as a Minotaur Berserker on May 11, 2016.
             Was a High Priest of Trog.
             Killed by divine providence
             ... invoked by a balrug
              (10 damage)
             ... on level 1 of the Abyss.
             The game lasted 00:54:00 (11629 turns).

Geppetto the Protected (Minotaur Berserker)        Turns: 11629, Time: 00:54:01

Health: -2/93      AC: 16    Str: 25    XL:     10   Next: 72%
Magic:  9/9        EV: 11    Int:  4    God:    Trog [*****.]
Gold:   365        SH:  0    Dex: 10    Spells: 0 memorised, 9 levels left

rFire  . . .     SeeInvis .     y - +3 mace "Viaxu" {speed, MR+}
rCold  . . .     Gourm    .     i - +0 plate armour
rNeg   . . .     Faith    .     (no shield)
rPois  .         Spirit   .     (helmet restricted)
rElec  .         Dismiss  .     (no cloak)
rCorr  +         Reflect  .     G - +0 pair of gloves
SustAt .         Harm     .     (no boots)
MR     +....                    (no amulet)
Stlth  ..........               (no ring)
                                t - ring of resist corrosion

@: about to teleport, somewhat resistant to hostile enchantments, extremely
unstealthy
A: retaliatory headbutt, horns 2
a: Berserk, Trog's Hand, Brothers in Arms, Burn Spellbooks, Renounce Religion


You were on level 1 of the Abyss.
You worshipped Trog.
Trog was extremely pleased with you.
You were not hungry.

You visited 1 branch of the dungeon, and saw 10 of its levels.
You visited the Abyss 1 time.
You also visited: Ossuary.

You collected 500 gold pieces.
You spent 135 gold pieces at shops.

Inventory:

Hand Weapons
 a - a +0 mace
 r - a +1 flail
 y - the +3 mace "Viaxu" (weapon) {speed, MR+}
   (You found it on level 7 of the Dungeon)

   Attacks with this weapon are significantly faster.
   It affects your resistance to hostile enchantments.
 B - a +2 quarterstaff of chaos
Missiles
 q - 7 tomahawks (quivered)
 v - 4 poisoned tomahawks
Armour
 i - a +0 plate armour (worn)
 G - a +0 pair of gloves (worn)
Jewellery
 t - a ring of resist corrosion (left hand)
 L - an uncursed ring of fire {unknown}
Wands
 s - a wand of random effects (24/48)
 w - a wand of random effects (21/48)
 A - a wand of teleportation (4/9)
 C - a wand of flame (7/48)
 D - a wand of flame (35/48)
 E - a wand of confusion (7/48)
 H - a wand of paralysis (12/24)
Scrolls
 b - 8 scrolls of teleportation
 e - a scroll of silence {unknown}
 f - 2 scrolls of identify
 l - a scroll of fog
 n - 2 scrolls of amnesia
 o - 2 scrolls of remove curse
 u - 2 scrolls of fear
 x - 2 scrolls of magic mapping
 M - a scroll of immolation {unknown}
Potions
 d - 2 potions of agility
 g - a potion of invisibility
 j - 5 potions of curing
 k - 5 potions of flight
 p - a potion of experience
 z - a potion of might
 I - a potion of ambrosia {unknown}
 K - 2 potions of resistance {unknown}
Comestibles
 c - 3 bread rations
 m - a slice of pizza
 F - a meat ration
 J - 3 chunks of flesh


   Skills:
 - Level 10.0 Fighting
 * Level 9.5 Maces & Flails
 - Level 2.1 Throwing
 - Level 10.3 Armour
 - Level 10.0 Dodging


You had 9 spell levels left.
You didn't know any spells.

Dungeon Overview and Level Annotations

Branches:
Dungeon (10/15)            Temple (0/1) D:6            Lair (0/8) D:9
    Orc: D:9-12

Altars:
Ashenzari
Elyvilon
Fedhas
Makhleb
Okawaru
Pakellas
Qazlal
Sif Muna
Trog
Vehumet
Yredelemnul
Zin
The Shining One

Shops:
D:6 *   D:7 ?

Annotations:
D:6 grom234's ghost, novice DrFE
D:10 Sonja


Innate Abilities, Weirdness & Mutations

You reflexively headbutt those who attack you in melee.
You have a pair of horns on your head.


Message History

The smoke demon is moderately wounded.
You are engulfed in a cloud of scalding steam.
* * * LOW HITPOINT WARNING * * *
The sun demon barely misses you.
The smoke demon hits you but does no damage.
The smoke demon barely misses you. The smoke demon misses you.
The balrug gestures at you. Something smites you!
* * * LOW HITPOINT WARNING * * *
Unknown command.
Drink which item? (? for menu, Esc to quit)
You feel much better.
You are engulfed in a cloud of scalding steam.
The sun demon hits you!
* * * LOW HITPOINT WARNING * * *
You are engulfed in flames!
* * * LOW HITPOINT WARNING * * *
The balrug gestures at you. Something smites you!
You die...

#### #.
.#### ## #
.......2. .
##.# #.#
...##3####
..........x#
...#.# .##2#
.x.. .##3#
...#.### #@#
.. # #3# .
#.# #.# #.#
# # #.# .#
#.# ##. ##
#..


You could see a balrug, a sun demon, a smoke demon and a small abomination.

Vanquished Creatures
  Erica (D:10)
  Joseph (D:7)
  A komodo dragon (D:9)
  A troll (D:10)
  A two-headed ogre (D:10)
  A human (D:10)
  3 hippogriffs
  Duvessa (D:7)
  2 orc warriors
  A sky beast (D:10)
  2 black bears (D:6)
  3 phantoms
  7 ogres
  A crocodile (D:7)
  3 centaurs
  4 elf zombies (Ossuary)
  A giant frog (D:9)
  Dowan (D:7)
  A water moccasin zombie (D:9)
  4 scorpions
  4 killer bees (D:10)
  3 wights (D:8)
  A howler monkey (D:10)
  5 crimson imps
  A centaur zombie (D:7)
  A quasit (D:5)
  5 hounds
  A human zombie (Ossuary)
  2 orc priests
  A jelly (D:6)
  Crazy Yiuf (D:7)
  2 centaur skeletons
  2 giant frog skeletons
  3 iguanas
  Jessica (D:6)
  15 orc wizards
  4 worker ants
  A big kobold zombie (Ossuary)
  A hound zombie (D:6)
  2 mummies (Ossuary)
  A worker ant zombie (D:9)
  2 gnolls (D:3)
  7 adders
  A shadow imp (D:10)
  2 oozes
  4 adder zombies
  An adder skeleton (D:9)
  2 worms
  A dart slug (D:1)
  3 giant geckos
  35 orcs
  6 giant cockroaches
  3 goblins
  9 hobgoblins
  14 jackals
  9 quokkas
  A ball python (D:2)
  10 bats
  7 giant newts
  A goblin zombie (Ossuary)
  10 hobgoblin zombies (Ossuary)
  2 jackal zombies
  7 kobolds
  8 kobold zombies
  11 orc zombies (Ossuary)
  A quokka skeleton (D:6)
  5 rats
  A rat zombie (Ossuary)
  A plant (D:9)
261 creatures vanquished.

Notes
Turn   | Place    | Note
--------------------------------------------------------------
     0 | D:1      | Geppetto the Minotaur Berserker began the quest for the Orb.
     0 | D:1      | Reached XP level 1. HP: 19/19 MP: 0/0
     0 | D:1      | Noticed a large abomination
     0 | D:1      | Noticed an iron dragon
     3 | D:1      | Noticed a large abomination
     7 | D:1      | Noticed a black draconian
     9 | D:1      | Noticed a tentacled monstrosity
    10 | D:1      | Noticed a purple draconian
    12 | D:1      | Noticed a shadow dragon
    12 | D:1      | Noticed an orb of fire
    16 | D:1      | Noticed a shadow dragon
    16 | D:1      | Noticed an iron dragon
    18 | D:1      | Noticed a green draconian
    20 | D:1      | Noticed a white draconian
    20 | D:1      | Noticed an ice dragon
   369 | D:1      | Reached XP level 2. HP: 18/26 MP: 1/1
  1093 | D:2      | Reached skill level 5 in Maces & Flails
  1101 | D:2      | Reached XP level 3. HP: 22/31 MP: 2/2
  1331 | D:2      | Reached ** piety under Trog
  1958 | D:3      | Reached XP level 4. HP: 39/39 MP: 3/3
  2569 | D:3      | Found a deep blue altar of Sif Muna.
  2581 | D:3      | Reached XP level 5. HP: 21/45 MP: 4/4
  3291 | D:4      | Noticed an ogre
  3296 | D:4      | Reached *** piety under Trog
  3298 | D:4      | Killed an ogre
  3298 | D:4      | Reached XP level 6. HP: 28/51 MP: 5/5
  3641 | D:4      | Found a shattered altar of Ashenzari.
  3991 | D:4      | Reached XP level 7. HP: 60/60 MP: 6/6
  4176 | D:5      | Entered Level 5 of the Dungeon
  4194 | D:5      | Reached skill level 5 in Fighting
  4221 | D:5      | Found a sand-covered staircase.
  4231 | Ossuary  | Entered an ossuary
  4799 | Ossuary  | Reached XP level 8. HP: 48/71 MP: 7/7
  5890 | D:6      | Found a bloodstained altar of Trog.
  5893 | D:6      | Noticed grom234's ghost (novice DrFE)
  5919 | D:6      | Reached skill level 5 in Armour
  6151 | D:6      | Found Qilieth's Assorted Antiques.
  6346 | D:6      | Bought a scroll of identify for 42 gold pieces
  6346 | D:6      | Bought a metallic sapphire potion for 18 gold pieces
  6355 | D:6      | Found a staircase to the Ecumenical Temple.
  6396 | D:6      | Noticed Jessica
  6452 | D:6      | Killed Jessica
  7080 | D:6      | Found a deep blue altar of Sif Muna.
  7217 | D:7      | Reached skill level 5 in Dodging
  7343 | D:7      | Noticed Joseph
  7358 | D:7      | Killed Joseph
  7358 | D:7      | Reached XP level 9. HP: 60/83 MP: 8/8
  7668 | D:7      | Found Veeddix's Magic Scroll Shoppe.
  7672 | D:7      | Bought a scroll of enchant weapon for 75 gold pieces
  7774 | D:7      | Got an ebony mace
  7775 | D:7      | Identified the +3 mace "Viaxu" {speed, MR+} (You found it on level 7 of the Dungeon)
  7782 | D:7      | Noticed Crazy Yiuf
  7785 | D:7      | Killed Crazy Yiuf
  7895 | D:7      | Noticed Duvessa
  7895 | D:7      | Noticed Dowan
  7901 | D:7      | Killed Duvessa
  7908 | D:7      | Killed Dowan
  8198 | D:8      | Reached skill level 10 in Fighting
  8233 | D:8      | Reached **** piety under Trog
  8352 | D:8      | Found an oddly glowing altar of Pakellas.
  8616 | D:8      | Found an iron altar of Okawaru.
  8694 | D:8      | Found a radiant altar of Vehumet.
  8694 | D:8      | Found a burning altar of Makhleb.
  8694 | D:8      | Found a blossoming altar of Fedhas.
  8695 | D:8      | Found a stormy altar of Qazlal.
  8952 | D:8      | Found a white marble altar of Elyvilon.
  9030 | D:8      | Found a glowing silver altar of Zin.
  9429 | D:9      | Found a staircase to the Lair.
  9430 | D:9      | Noticed a komodo dragon
  9454 | D:9      | Killed a komodo dragon
  9454 | D:9      | Reached XP level 10. HP: 58/93 MP: 9/9
  9619 | D:9      | Found a glowing golden altar of the Shining One.
  9890 | D:10     | Entered Level 10 of the Dungeon
  9948 | D:10     | Found a runed door.
  9984 | D:10     | Found a basalt altar of Yredelemnul.
 10187 | D:10     | Reached ***** piety under Trog
 10313 | D:10     | Noticed Sonja
 10691 | D:10     | Noticed Erica
 10719 | D:10     | Killed Erica
 10719 | D:10     | Reached skill level 10 in Armour
 11226 | D:10     | Reached skill level 1 in Throwing
 11300 | D:10     | Reached skill level 10 in Dodging
 11572 | D:10     | Cast into level 1 of the Abyss (Sonja)
 11615 | Abyss:1  | Noticed a balrug
 11615 | Abyss:1  | Noticed a sun demon
 11621 | Abyss:1  | Noticed a smoke demon
 11629 | Abyss:1  | Killed from afar by a balrug

Skill      XL: |  1  2  3  4  5  6  7  8  9 10 |
---------------+-------------------------------+-----
Maces & Flails | 4 5 6 8 9 |  9.5
Fighting       | 4 6 9 10 | 10.0
Armour         | 4 6 8 10 | 10.3
Dodging        | 4 5 8 10 | 10.0
Throwing       | 2 |  2.1

Action                   |  1- 3 |  4- 6 |  7- 9 | 10-12 || total
-------------------------+-------+-------+-------+-------++-------
Melee: Mace              |    95 |   107 |   214 |   146 ||   562
       Headbutt          |    13 |    27 |   108 |    25 ||   173
       Flail             |       |    11 |   272 |       ||   283
Throw: Tomahawk          |       |     6 |    11 |     7 ||    24
Invok: Berserk           |     1 |     3 |     2 |     1 ||     7
       Trog's Hand       |       |       |     6 |     1 ||     7
       Burn Spellbooks   |       |       |       |     2 ||     2
Evoke: Wand              |       |       |       |     3 ||     3
  Use: Scroll            |     8 |       |    15 |     3 ||    26
       Potion            |     2 |       |     1 |     2 ||     5
 Stab: Distracted        |       |       |       |     1 ||     1
  Eat: Chunk             |     3 |    11 |    12 |     3 ||    29
       Beef jerky        |       |       |     1 |       ||     1
       Fruit             |       |       |     3 |       ||     3
       Bread ration      |       |       |     1 |     1 ||     2
Armor: Scale mail        |    25 |       |       |       ||    25
       Plate armour      |    32 |    56 |   233 |    80 ||   401
Dodge: Dodged            |    47 |    42 |   169 |    66 ||   324
